 Dungeon Crawl Stone Soup version 0.29-a0-483-g69413ace17 (webtiles) character file.

Game seed: 18260597734290019274

105 happo123 the Sneak (level 4, -2/22 HPs)
             Began as a Vine Stalker Enchanter on May 25, 2022.
             Slain by a kobold brigand
             ... wielding a +0 short sword
              (3 damage)
             ... in a sewer.
             The game lasted 00:15:05 (2742 turns).

happo123 the Sneak (Vine Stalker Enchanter)         Turns: 2742, Time: 00:15:07

Health: -2/22      AC:  4    Str: 11    XL:     4   Next: 81%
Magic:  0/9        EV: 12    Int: 17    God:
Gold:   133        SH:  0    Dex: 14    Spells: 3/8 levels left

rFire   . . .      SeeInvis +   a - +1 dagger
rCold   . . .      Faith    .   (no shield)
rNeg    . . .      Spirit   +   b - +0 robe
rPois   .          Reflect  .   (no helmet)
rElec   .          Harm     .   d - +0 cloak
rCorr   .          Rampage  .   (no gloves)
Will    .....                   g - +0 pair of boots
Stlth   +++.......              (no amulet)
HPRegen 0.87/turn               x - ring of see invisible
MPRegen 0.11/turn               (no ring)

@: no status effects
A: fangs 2, regeneration 1, magic shield, antimagic bite, no potion heal 2
a: no special abilities


You were in a sewer.
You visited 1 branch of the dungeon, and saw 4 of its levels.
You also visited: Sewer.

You collected 133 gold pieces.

Inventory:

Hand Weapons
 a - a +1 dagger (weapon)
Armour
 b - a +0 robe (worn)
 d - a +0 cloak (worn)
 g - a +0 pair of boots (worn)
 j - a +0 leather armour
 v - a +0 buckler
 y - a +0 helmet
Jewellery
 x - a ring of see invisible (left hand)
 A - a ring of fire
Wands
 w - a wand of charming (6)
 z - a wand of polymorph (8)
Scrolls
 e - a scroll of magic mapping {unknown}
 f - a scroll of fog {unknown}
 h - 2 scrolls of teleportation {unknown}
 k - 2 scrolls of fear {unknown}
 l - a scroll of amnesia {unknown}
 m - 2 scrolls of immolation {unknown}
 q - a scroll of poison {unknown}
 s - 2 scrolls of identify {unknown}
 t - a scroll of enchant armour {unknown}
Potions
 c - 2 potions of invisibility
 i - 3 potions of curing {unknown}
 n - a potion of cancellation {unknown}
 o - 2 potions of berserk rage {unknown}
 p - 2 potions of heal wounds {unknown}
 r - a potion of might {unknown}
 u - a potion of attraction {unknown}


   Skills:
 + Level 1.1 Fighting
 + Level 1.7 Short Blades
 + Level 2.1 Dodging
 + Level 4.4 Stealth
 + Level 2.9 Spellcasting
 + Level 3.4 Hexes


You had 3 spell levels left.
You knew the following spells:

 Your Spells              Type           Power      Damage    Failure   Level
a - Ensorcelled Hibernat  Hex/Ice        16%        N/A       13%         2
b - Tukima's Dance        Hex            14%        N/A       13%         3

Your spell library contained the following spells:

 Spells                   Type           Power      Damage    Failure   Level
 Confusing Touch          Hex            14%        N/A       13%         3
 Dazzling Flash           Conj/Hex       16%        N/A       26%         3
 Iskenderun's Mystic Bla  Conj/Tloc      2%         2d3       87%         4
 Starburst                Conj/Fire      1%         6d3       100%        6


Dungeon Overview and Level Annotations

Branches:
Dungeon (4/15)              Sewer (1/1)
 Temple: D:4-7

Altars:

Shops:
D:2 *


Innate Abilities, Weirdness & Mutations

You have extremely sharp teeth.
Your natural rate of healing is unusually fast.
When hurt, damage is shared between your health and your magic reserves.
Your bite disrupts and absorbs the magic of your enemies.
Potions cannot restore your health.


Message History

Aim: a kobold brigand, wielding a +0 short sword and quivering poisoned darts (chance to affect: 41%)
The kobold brigand resists with some effort.
The kobold barely misses you.
The kobold brigand hits you with a +0 short sword.
Aiming: Ensorcelled Hibernation (safe; 13% risk of failure)
Press: ? - help, Q - select action, (/) - cycle Shift-Dir - straight line, f/p - kobold brigand
Aim: a kobold brigand, wielding a +0 short sword and quivering poisoned darts (chance to affect: 41%)
The kobold brigand resists with some effort.
The kobold hits you but does no damage. The kobold brigand misses you.
Aiming: Ensorcelled Hibernation (safe; 13% risk of failure)
Press: ? - help, Q - select action, (/) - cycle Shift-Dir - straight line, f/p - kobold brigand
Aim: a kobold brigand, wielding a +0 short sword and quivering poisoned darts (chance to affect: 41%)
The kobold brigand looks drowsy...
The kobold closely misses you.
The helpless kobold brigand fails to defend itself.
You impale the kobold brigand!!
You bite the kobold brigand, but do no damage.
The kobold brigand is severely wounded.
The kobold hits you with a +0 short sword.
The kobold brigand hits you with a +0 short sword.
You hit the kobold brigand.
The kobold brigand is severely wounded.
The kobold closely misses you.
The kobold brigand hits you with a +0 short sword.
You barely miss the kobold brigand.
The kobold brigand is severely wounded.
The kobold hits you with a +0 short sword.
The kobold brigand completely misses you.
You hit the kobold brigand.
The kobold brigand is almost dead.
The kobold barely misses you.
The kobold brigand hits you with a +0 short sword!
* * * LOW HITPOINT WARNING * * *
You closely miss the kobold brigand. You bite the kobold brigand.
You drain its power.
You feel invigorated.
The kobold brigand is almost dead.
The kobold hits you with a +0 short sword.
* * * LOW HITPOINT WARNING * * *
The kobold brigand hits you with a +0 short sword.
You die...

##### ##..∩# #####
...######...#### ### ##≈
..#####........##..#.!#≈
...##.†.........#.....#≈
......†.........@K...#
.........≈≈≈≈≈≈≈#K....#≈
≈≈≈≈≈≈≈≈≈≈≈≈≈≈≈≈#..#.)#≈
≈≈≈≈≈≈≈≈≈≈≈≈≈≈≈≈#### ##≈
≈≈≈≈≈≈≈≈≈≈≈≈≈≈≈≈≈≈
≈≈≈≈≈≈≈≈≈≈≈≈≈≈≈≈≈≈≈
≈≈≈≈≈≈≈≈≈≈≈≈≈≈≈≈≈≈≈≈
≈≈≈≈≈≈≈≈≈≈≈≈≈≈≈≈≈≈≈≈
≈≈≈≈≈≈##≈≈≈≈≈≈


You could see a kobold brigand and a kobold.

Vanquished Creatures
  2 adders (D:3)
  A river rat (Sewer)
  A worm (D:3)
  An orc (D:4)
  5 bats
  10 endoplasms
  11 giant cockroaches
  5 goblins (D:1)
  7 hobgoblins
  2 quokkas (D:4)
  5 ball pythons
  2 frilled lizards
  5 kobolds
  9 rats
66 creatures vanquished.

Vanquished Creatures (others)
  4 plants (D:3)
4 creatures vanquished.

Grand Total: 70 creatures vanquished

Notes
Turn   | Place    | Note
-------+----------+-------------------------------------------
     0 | D:1      | happo123 the Vine Stalker Enchanter began the quest for the
                  | Orb.
     0 | D:1      | Reached XP level 1. HP: 9/9 MP: 4/4
    83 | D:1      | Reached skill level 1 in Short Blades
   240 | D:1      | Reached XP level 2. HP: 13/13 MP: 6/6
   280 | D:1      | Found a faded altar of an unknown god.
   630 | D:1      | Reached skill level 4 in Stealth
   633 | D:1      | Reached XP level 3. HP: 17/17 MP: 7/7
   803 | D:1      | Learned a level 2 spell: Ensorcelled Hibernation
  1698 | D:2      | Found Ziatre's General Store.
  2101 | D:3      | Gained mutation: Your natural rate of healing is unusually
                  | fast. [Vine Stalker growth]
  2101 | D:3      | Reached XP level 4. HP: 21/21 MP: 5/9
  2109 | D:3      | Learned a level 3 spell: Tukima's Dance
  2193 | D:3      | Reached skill level 1 in Fighting
  2457 | D:4      | Noticed a necrophage
  2558 | D:4      | Found a glowing drain.
  2580 | Sewer    | Entered a sewer
  2731 | Sewer    | Noticed a kobold brigand
  2742 | Sewer    | HP: 1/22 [kobold/+0 short sword (4)]
  2742 | Sewer    | Slain by a kobold brigand

Illustrated notes

Levels and vault maps discovered:
D:1:      tarquinn_simple_flora_water_e, layout_loops_ring,
          shapermc_ecumenical_altar_starsandcircs, kennysheep_nondescript,
          minmay_tetromino_l2
D:2:      layout_rooms, serial_shops, nicolae_shop_behind_doors,
          amethyst_killhole
D:3:      cheibrodos_old_hovel, layout_rooms, chequers_arboretum
D:4:      layout_basic, tso_oasis_becter, serial_shops,
          nicolae_shop_behind_doors, gup_sewer_entry_pipe, due_unseen_surprise,
          uniq_duvessa
Sewer:    sewer_minmay_treatment

Skill      XL: |  1  2  3  4 |
---------------+-------------+-----
Short Blades   | 1 |  1.7
Stealth        | 4 |  4.4
Dodging        | 2 |  2.1
Fighting       | 1 |  1.1
Spellcasting   | |  2.9
Hexes          | |  3.4

Action                   |  1- 3 |  4- 6 || total
-------------------------+-------+-------++-------
Melee: Dagger            |   108 |    61 ||   169
       Bite              |    27 |    10 ||    37
 Cast: Ensorcelled Hiber |     9 |    17 ||    26
 Stab: Sleeping          |    16 |    10 ||    26
Armor: Robe              |    27 |    19 ||    46
Dodge: Dodged            |    79 |    50 ||   129

Table legend: (Time is in decaauts)
 A = Elapsed time spent in this place.
 B = Non-inter-level travel time spent in this place.
 C = Inter-level travel time spent in this place.
 D = Time resting spent in this place.
 E = Time spent auto-exploring this place.
 F = Levels seen in this place.
 G = Mean time per level.
                   A        B        C        D        E       F      G
               +--------+--------+--------+--------+--------+-----+--------+
         Total |   2735 |   2358 |    377 |     63 |   1725 |   5 |  547.0 |
       Dungeon |   2575 |   2198 |    377 |      0 |   1681 |   4 |  643.8 |
         Sewer |    160 |    160 |      0 |     63 |     44 |   1 |  160.0 |
               +--------+--------+--------+--------+--------+-----+--------+

Top non-repeatable levels by time:
     D:1: 1339 daAuts
     D:3: 617 daAuts
     D:2: 418 daAuts
     D:4: 199 daAuts
   Sewer: 160 daAuts
